 Dungeon Crawl Stone Soup version 0.15-a0-1015-g702813b (webtiles) character file.

58 Quh the Magician (level 3, -1/19 HPs)
             Began as a Deep Elf Wizard on May 26, 2014.
             Slain by an adder (3 damage)
             ... on Level 2 of the Dungeon.
             The game lasted 00:08:48 (2544 turns).

Quh the Magician (Deep Elf Wizard)                  Turns: 2544, Time: 00:08:48

HP  -1/19        AC  2     Str  5      XL: 3   Next: 76%
MP   5/13        EV 12     Int 22      God:
Gold 93          SH  0     Dex 13      Spells:  4 memorised,  4 levels left

rFire  . . .     SeeInvis .     r - +1,+3 dagger
rCold  . . .     Clarity  .     a - +0 robe
rNeg   . . .     Conserve .     (no shield)
rPois  .         rCorr    .     b - +0 hat
rElec  .         rRot     .     (no cloak)
SustAb .         Spirit   .     (no gloves)
rMut   .         Warding  .     (no boots)
Gourm  .         Stasis   .     (no amulet)
MR     .....                    (no ring)
                                l - cursed ring of loudness

@: lethally poisoned, not resistant to hostile enchantments, very unstealthy
A: no striking features
a: no special abilities


You were on level 2 of the Dungeon.
You were hungry.

You visited 1 branch of the dungeon, and saw 3 of its levels.

You collected 93 gold pieces.

Inventory:

Hand weapons
 r - a +1,+3 dagger (weapon)
 s - a +1,+0 dagger of electrocution
Armour
 a - a +0 robe (worn)
 b - a +0 hat (worn)
Comestibles
 d - 4 bread rations
 h - a cheese
 j - a pear
 u - 2 rotting chunks of goblin flesh
Scrolls
 f - a scroll of remove curse {unknown}
 k - a scroll of blinking {unknown}
 m - a scroll of amnesia
 n - a scroll of enchant weapon I {unknown}
 o - a scroll of recharging {unknown}
 p - 3 scrolls of identify
Jewellery
 l - a cursed ring of loudness (left hand)
Potions
 e - a potion of confusion {unknown}
 g - a potion of agility {unknown}
 i - a potion of curing {unknown}
 q - 2 potions of heal wounds
Books
 c - a book of Minor Magic

   Spells                             Type                      Level
   *Magic Dart                        Conjuration                  1
   *Blink                             Translocation                2
   *Call Imp                          Summoning                    2
   *Repel Missiles                    Charms/Air                   2
   Slow                               Hexes                        2
   Conjure Flame                      Conjuration/Fire             3
   Mephitic Cloud                     Conjuration/Poison/Air       3


   Skills:
 - Level 2.4 Dodging
 * Level 3.4 Stealth
 + Level 4.7 Spellcasting
 * Level 2.1 Conjurations
 + Level 1.3 Summonings
 * Level 1.4 Translocations
 * Level 1.5 Air Magic


You had 4 spell levels left.
You knew the following spells:

 Your Spells              Type           Power        Failure   Level  Hunger
a - Magic Dart            Conj           ##..         6%          1    None
b - Blink                 Tloc           N/A          10%         2    None
c - Call Imp              Summ           ##......     10%         2    None
d - Repel Missiles        Chrm/Air       #.....       14%         2    None


Dungeon Overview and Level Annotations

Branches:
Dungeon (3/15)

Altars:

Annotations:
D:3 DasRunzen's ghost, average DrVM


Message History

You feel sick. The adder bites you.
Casting: Magic Dart
Confirm with . or Enter, or press ? or * to list all spells.
Aiming: Magic Dart
Press: ? - help, Shift-Dir - straight line, f/p - adder
Aim: an adder (heavily wounded)
The magic dart hits the adder.
The adder is severely wounded.
You feel sick. The adder bites you.
* * * LOW HITPOINT WARNING * * *
Casting: Magic Dart
Confirm with . or Enter, or press ? or * to list all spells.
Aiming: Magic Dart
Press: ? - help, Shift-Dir - straight line, f/p - adder
Aim: an adder (severely wounded)
The magic dart hits the adder.
The adder is severely wounded.
* * * LOW HITPOINT WARNING * * *
You feel sick. The adder barely misses you. The adder bites you.
You die...

#..#(.#.#....(..#.# ##.#.##.##
#.#)#.#.######....# #.#.##..>
+..#..(.#....#.#### #.#......
#.#%#.#.#.##.#.# #.#....#.
#..#).#.#..#.#.# #)#....#.
##...##....#.#.##########.#.#....
.##'##..####.#.#..........###..#.
.............#+#...............##
................@........#####.#
.#########......S........#####.#
.# #......###'####.......## .#
#..........# ########.. ##
#.......##############..
#.......###.............
#######...#.############ #.....#
###..... #..)..# #...####


You could see an adder.

Vanquished Creatures
  An adder (D:2)
  A giant gecko (D:2)
  5 giant cockroaches
  9 goblins
  3 hobgoblins
  2 quokkas (D:2)
  A ball python (D:1)
  4 bats
  2 giant newts
  4 jackals (D:1)
  7 kobolds
  3 rats
42 creatures vanquished.

Vanquished Creatures (collateral kills)
  An ooze (D:2)
  2 hobgoblins
  A kobold (D:2)
4 creatures vanquished.

Grand Total: 46 creatures vanquished

Notes
Turn   | Place    | Note
--------------------------------------------------------------
     0 | D:1      | Quh, the Deep Elf Wizard, began the quest for the Orb.
     0 | D:1      | Reached XP level 1. HP: 10/10 MP: 6/6
   410 | D:1      | Reached XP level 2. HP: 15/15 MP: 1/9
   415 | D:1      | Learned a level 2 spell: Blink
   418 | D:1      | Learned a level 2 spell: Call Imp
   421 | D:1      | Learned a level 2 spell: Repel Missiles
  1022 | D:1      | Reached skill level 1 in Air Magic
  1370 | D:2      | Reached XP level 3. HP: 17/19 MP: 9/12
  2533 | D:3      | Noticed DasRunzen's ghost (average DrVM)
  2544 | D:2      | Slain by an adder

Action                   || total
-------------------------++-------
Melee: Unarmed           ||    24
       Dagger            ||    27
 Cast: Magic Dart        ||   103
       Call Imp          ||    11
       Blink             ||     1
  Use: Scroll            ||     2
